 Dungeon Crawl Stone Soup version 0.28-a0-622-gbaef9634d7 (webtiles) character file.

Game seed: 17759645513421491861

57 siradein the Grasshopper (level 3, -5/30 HPs)
             Began as a Draconian Warper on Oct 8, 2021.
             Slain by Terence (8 damage)
             ... on level 2 of the Dungeon.
             The game lasted 00:05:42 (2845 turns).

siradein the Grasshopper (Draconian Warper)         Turns: 2845, Time: 00:05:44

Health: -5/30      AC:  5    Str: 13    XL:     3   Next: 73%
Magic:  6/6        EV: 12    Int: 14    God:
Gold:   56         SH:  0    Dex: 10    Spells: 1/6 levels left

rFire   . . .      SeeInvis .   a - +0 mace
rCold   . . .      Faith    .   (no shield)
rNeg    . . .      Spirit   .   (armour unavailable)
rPois   .          Reflect  .   (helmet restricted)
rElec   .          Harm     .   (no cloak)
rCorr   .          Rampage  .   (no gloves)
Will    .....                   (no boots)
Stlth   +.........              (no amulet)
HPRegen 0.10/turn               (no ring)
MPRegen 0.10/turn               (no ring)

@: no status effects
A: AC +5, unfitting armour, cold-blooded
a: no special abilities


You were on level 2 of the Dungeon.
You visited 1 branch of the dungeon, and saw 2 of its levels.

You collected 56 gold pieces.

Inventory:

Hand Weapons
 a - a +0 mace (weapon)
 l - a +0 hunting sling
Missiles
 c - 5 boomerangs of dispersal (quivered)
 m - 42 stones
 n - 21 sling bullets
Scrolls
 b - a scroll of blinking
 d - 2 scrolls of teleportation {unknown}
 g - a scroll of enchant armour {unknown}
 h - a scroll of summoning {unknown}
 i - a scroll of silence {unknown}
 k - a scroll of identify {unknown}
 p - a scroll of vulnerability {unknown}
Potions
 e - 2 potions of lignification {unknown}
 f - a potion of magic {unknown}
 j - a potion of brilliance {unknown}
 o - a potion of mutation {unknown}
 q - a potion of attraction {unknown}


   Skills:
 + Level 2.7 Fighting
 + Level 2.5 Maces & Flails
 + Level 1.4 Throwing
 + Level 2.4 Dodging
 + Level 2.3 Spellcasting
 + Level 3.3 Translocations


You had one spell level left.
You knew the following spells:

 Your Spells              Type           Power      Damage    Failure   Level
a - Blink                 Tloc           N/A        N/A       9%          2
b - Gell's Gravitas       Tloc           5%         N/A       19%         3

Your spell library contained the following spells:

 Spells                   Type           Power      Damage    Failure   Level
 Lesser Beckoning         Tloc           10%        N/A       19%         3
 Teleport Other           Tloc           10%        N/A       19%         3
 Manifold Assault         Tloc           10%        N/A       86%         5


Dungeon Overview and Level Annotations

Branches:
Dungeon (2/15)

Altars:

Annotations:
D:2 Terence


Innate Abilities, Weirdness & Mutations

Your plain brown scales are hard. (AC +5)
You cannot fit into any form of body armour.
You are cold-blooded and may be slowed by cold attacks.


Message History

You hit Terence.
Terence is lightly wounded.
Terence misses you.
You closely miss Terence.
Terence is lightly wounded.
Terence says, "Don't bother to defend, it's pointless."
Terence hits you with a +0 flail.
You barely miss Terence.
Terence is lightly wounded.
Terence misses you. Terence barely misses you.
You hit Terence.
Terence is heavily wounded.
Terence barely misses you.
You hit Terence.
Terence is severely wounded.
Terence completely misses you.
You closely miss Terence.
Terence is severely wounded.
Terence completely misses you.
You closely miss Terence.
Terence is severely wounded.
Terence hits you but does no damage. x2
You hit Terence but do no damage.
Terence is severely wounded.
Terence hits you but does no damage.
You barely miss Terence.
Terence is severely wounded.
Terence closely misses you.
You hit Terence but do no damage.
Terence is severely wounded.
Terence hits you with a +0 flail!
You are too injured to fight recklessly!
You are too injured to fight recklessly!
You hit Terence but do no damage.
You tail-slap Terence, but do no damage.
Terence is severely wounded.
Terence hits you with a +0 flail!
* * * LOW HITPOINT WARNING * * *
Terence hits you with a +0 flail!
You die...

###############
##.............#
##...##########.####
#######.....##### #.##..
#...............# #.##.#
#.#####.....###.# #.##.#
#.# ##...## #@# #.##.# #.#
##.## ##@#####.##.# .. #.#
#.# #......#.##.###...# #.#
##.####..................
#.#
#............#.##.####...
#.# #..............##.##
#... ##.#
#.#######.#######..# #...
#..## #.#..@..>.########.#
#... ....#
###<#.#####......# #.# #...
###รท#
#..@..#####.####.###.###...


You could see Terence.

Vanquished Creatures
  An adder (D:2)
  2 worms
  A dart slug (D:1)
  3 endoplasms (D:1)
  3 giant cockroaches
  2 goblins
  4 hobgoblins (D:1)
  2 quokkas (D:1)
  6 ball pythons
  8 bats
  3 frilled lizards
  3 kobolds
  2 rats (D:1)
40 creatures vanquished.

Notes
Turn   | Place    | Note
-------+----------+-------------------------------------------
     0 | D:1      | siradein the Draconian Warper began the quest for the Orb.
     0 | D:1      | Reached XP level 1. HP: 17/17 MP: 3/3
     3 | D:1      | Noticed an electric eel
     4 | D:1      | Noticed an electric eel
   127 | D:1      | Reached skill level 1 in Throwing
   292 | D:1      | Reached XP level 2. HP: 23/25 MP: 5/5
   296 | D:1      | Learned a level 2 spell: Blink
   849 | D:1      | Noticed a golden eye
   858 | D:1      | Found a faded altar of an unknown god.
   862 | D:1      | Noticed an eye of devastation
   887 | D:1      | Noticed a great orb of eyes
  1093 | D:1      | Reached XP level 3. HP: 30/30 MP: 6/6
  1100 | D:1      | Learned a level 3 spell: Gell's Gravitas
  1118 | D:1      | Noticed a floating eye
  2287 | D:2      | Noticed Terence
  2845 | D:2      | Slain by Terence

Illustrated notes

Levels and vault maps discovered:
D:1:      arrival_aquarium_b, layout_basic,
          hellmonk_ecumenical_altar_watching_god, minmay_cut_off
D:2:      layout_loops_ring, minmay_split_cup_large, uniq_crazy_yiuf_cottage,
          uniq_terence

Skill      XL: |  1 |
---------------+----+-----
Throwing       | 1 |  1.4
Fighting       | |  2.7
Maces & Flails | |  2.5
Dodging        | |  2.4
Spellcasting   | |  2.3
Translocations | |  3.3

Action                   || total
-------------------------++-------
Melee: Mace              ||   191
       Tailslap          ||    20
 Cast: Blink             ||     7
 Stab: Sleeping          ||     1
Armor: Skin              ||    87
Dodge: Dodged            ||   165

Table legend: (Time is in decaauts)
 A = Elapsed time spent in this place.
 B = Non-inter-level travel time spent in this place.
 C = Inter-level travel time spent in this place.
 D = Time resting spent in this place.
 E = Time spent auto-exploring this place.
 F = Levels seen in this place.
 G = Mean time per level.
                   A        B        C        D        E       F      G
               +--------+--------+--------+--------+--------+-----+--------+
         Total |   2907 |   2793 |    114 |    686 |   1360 |   2 | 1453.5 |
       Dungeon |   2907 |   2793 |    114 |    686 |   1360 |   2 | 1453.5 |
               +--------+--------+--------+--------+--------+-----+--------+

Top non-repeatable levels by time:
     D:1: 2219 daAuts
     D:2: 688 daAuts
